 Dungeon Crawl Stone Soup version 0.29-a0-338-g1ff7896281 (webtiles) character file.

Game seed: 9629086605360690999

2134 bande the Chopper (level 9, 0/54 HPs)
             Began as a Gargoyle Fighter on Apr 18, 2022.
             Slain by Joseph
             ... wielding a +1 spectral quarterstaff
              (1 damage)
             ... on level 7 of the Dungeon.
             The game lasted 00:11:32 (7002 turns).

bande the Chopper (Gargoyle Fighter)                Turns: 7002, Time: 00:11:33

Health: 0/54       AC: 18    Str: 19    XL:     9   Next: 30%
Magic:  9/9        EV:  7    Int: 10    God:
Gold:   375        SH: 10    Dex: 13    Spells: 8/8 levels left

rFire   . . .      SeeInvis .   a - +0 war axe
rCold   . . .      Faith    .   c - +0 buckler
rNeg    + . .      Spirit   .   e - +0 chain mail
rPois   ∞          Reflect  +   i - +1 helmet
rElec   +          Harm     .   (no cloak)
rCorr   .          Rampage  .   (no gloves)
Will    +....                   (no boots)
Stlth   ..........              h - amulet of reflection
HPRegen 0.18/turn               g - ring of willpower
MPRegen 0.11/turn               (no ring)

@: no status effects
A: sickness immunity, AC +6, negative energy resistance 1, electricity
resistance, torment resistance 1, petrification resistance
a: no special abilities


You were on level 7 of the Dungeon.
You visited 1 branch of the dungeon, and saw 7 of its levels.
You also visited: Sewer.

You collected 375 gold pieces.

Inventory:

Hand Weapons
 a - a +0 war axe (weapon)
 m - a +2 flail of holy wrath
 r - the +5 mace "Vynusent" {venom, Str+9}
   (You found it on level 6 of the Dungeon)

   It poisons the flesh of those it strikes.
   Str:       It affects your strength (+9).
Armour
 c - a +0 buckler (worn)
 e - a +0 chain mail (worn)
 i - a +1 helmet (worn)
Jewellery
 g - a ring of willpower (left hand)
 h - an amulet of reflection (around neck)
 n - a ring of resist corrosion
 o - a ring of fire
Wands
 p - a wand of acid (28)
 v - a wand of polymorph (5)
 y - a wand of digging (6)
Scrolls
 j - a scroll of magic mapping
 t - a scroll of brand weapon {unknown}
 u - a scroll of teleportation {unknown}
 w - 4 scrolls of identify
 x - a scroll of immolation {unknown}
Potions
 b - 5 potions of curing
 d - 2 potions of might
 f - 2 potions of haste
 k - 2 potions of flight {unknown}
 l - 4 potions of cancellation
 q - 2 potions of heal wounds {unknown}
 s - a potion of berserk rage {unknown}


   Skills:
 + Level 5.6 Fighting
 + Level 7.6 Axes
 + Level 6.1 Armour
 + Level 6.4 Shields
 * Level 3.1 Evocations


You had 8 spell levels left.
You didn't know any spells.
Your spell library contained the following spells:

 Spells                   Type           Power      Damage    Failure   Level
 Gell's Gravitas          Tloc           0%         N/A       100%        3
 Teleport Other           Tloc           0%         N/A       100%        3
 Dispersal                Tloc           0%         N/A       100%        6


Dungeon Overview and Level Annotations

Branches:
Dungeon (7/15)              Sewer (visited)
 Temple: D:4-7

Altars:
Ashenzari
Cheibriados

Shops:
D:2 ([*(

Annotations:
D:7 Joseph


Innate Abilities, Weirdness & Mutations

You are immune to sickness and miasma.
Your stone body is resilient. (AC +6)
You are immune to poison.
You resist negative energy. (rN+)
You are resistant to electric shocks. (rElec)
You are resistant to unholy torment.
You are immune to petrification.


Message History

You block Joseph's attack. Joseph closely misses you.
You hit Joseph but do no damage.
Joseph is lightly wounded.
You block Joseph's attack.
You barely miss Joseph.
Joseph is lightly wounded.
You block Joseph's attack.
You hit Joseph.
Joseph is lightly wounded.
Joseph says, "Coming here was your last mistake."
Joseph hits you but does no damage.
You hit Joseph.
Joseph is lightly wounded.
Joseph hits you with a +1 spectral quarterstaff.
You closely miss Joseph.
Joseph is lightly wounded.
Joseph barely misses you.
You slash Joseph!
Joseph is moderately wounded.
You block Joseph's attack.
You hit Joseph but do no damage.
Joseph is moderately wounded.
Joseph hits you but does no damage.
You closely miss Joseph.
Joseph is moderately wounded.
Joseph hits you with a +1 spectral quarterstaff!
* * * LOW HITPOINT WARNING * * *
You block Joseph's attack.
You hit Joseph.
Joseph is heavily wounded.
Joseph hits you with a +1 spectral quarterstaff!
* * * LOW HITPOINT WARNING * * *
You closely miss Joseph.
Joseph is heavily wounded.
Joseph hits you with a +1 spectral quarterstaff!
* * * LOW HITPOINT WARNING * * *
You barely miss Joseph.
Joseph is heavily wounded.
Joseph hits you with a +1 spectral quarterstaff.
You die...

#
###.#.############
......@@..........
#.#.#####..).####
#....# #....####
#......<#
#..#.#### #......
#........
#........#


You could see Joseph.

Vanquished Creatures
  Grinder (D:6)
  Menkaure (D:7)
  A water moccasin (D:6)
  Pargi (Sewer)
  3 sky beasts
  A black bear (D:4)
  A centaur (D:6)
  2 ogres
  A phantom (D:4)
  A bullfrog (D:6)
  3 necrophages
  2 scorpions
  3 hounds
  A jelly (D:6)
  An iguana (D:5)
  Natasha (thrice) (D:3)
  3 orc wizards
  The ghost of Newman the Ducker, a weakling DsGl (D:4)
  Robin (D:3)
  7 gnolls
  4 adders
  A river rat (D:6)
  A shadow imp (D:5)
  A white imp (D:6)
  A worm (D:4)
  4 dart slugs
  9 orcs
  12 endoplasms
  5 giant cockroaches
  16 goblins
  7 hobgoblins
  7 jackals
  8 kobolds
  5 quokkas
  A ball python (D:4)
  4 bats
  4 frilled lizards
  6 rats
134 creatures vanquished.

Notes
Turn   | Place    | Note
-------+----------+-------------------------------------------
     0 | D:1      | bande the Gargoyle Fighter began the quest for the Orb.
     0 | D:1      | Reached XP level 1. HP: 14/14 MP: 1/1
    94 | D:1      | Reached XP level 2. HP: 15/19 MP: 2/2
   181 | D:1      | Reached skill level 2 in Axes
   457 | D:1      | Reached XP level 3. HP: 24/24 MP: 3/3
  1104 | D:2      | Found Dimaw's Antique Weapon Shop.
  1504 | D:2      | Found a broken altar of Ashenzari.
  1615 | D:2      | Found Doirr's Antique Armour Shop.
  1642 | D:2      | Found Munam's General Store.
  1649 | D:2      | Reached XP level 4. HP: 29/29 MP: 4/4
  1666 | D:2      | Found Qavvytz's Weapon Boutique.
  1833 | D:3      | Noticed Robin
  1842 | D:3      | Reached skill level 3 in Axes
  1842 | D:3      | Killed Robin
  2059 | D:3      | Noticed Natasha
  2093 | D:3      | Killed Natasha
  2094 | D:3      | Reached XP level 5. HP: 22/33 MP: 5/5
  2318 | D:3      | Noticed Natasha
  2326 | D:3      | Killed Natasha
  2420 | D:3      | Noticed Natasha
  2434 | D:3      | Killed Natasha
  2527 | D:3      | Reached skill level 4 in Axes
  3036 | D:3      | Reached XP level 6. HP: 38/38 MP: 6/6
  3666 | D:4      | Reached skill level 5 in Axes
  3666 | D:4      | Reached XP level 7. HP: 18/44 MP: 7/7
  4073 | D:4      | Found a runed translucent door.
  4076 | D:4      | Noticed Newman's ghost (weakling DsGl)
  4110 | D:4      | Reached skill level 5 in Armour
  4517 | D:4      | Killed Newman's ghost
  4554 | D:5      | Entered Level 5 of the Dungeon
  4953 | D:5      | Reached skill level 6 in Axes
  4953 | D:5      | Reached XP level 8. HP: 36/48 MP: 8/8
  4960 | D:5      | Reached skill level 5 in Fighting
  4975 | D:5      | Reached skill level 5 in Shields
  5206 | D:5      | Found a snail-covered altar of Cheibriados.
  5330 | D:5      | Reached skill level 1 in Evocations
  5808 | D:6      | Identified the +5 mace "Vynusent" {venom, Str+9}
  6168 | D:6      | Found a glowing drain.
  6172 | Sewer    | Entered a sewer
  6230 | Sewer    | Noticed Pargi
  6246 | Sewer    | Killed Pargi
  6247 | Sewer    | Reached skill level 7 in Axes
  6412 | D:6      | Reached XP level 9. HP: 39/54 MP: 9/9
  6647 | D:6      | Noticed Grinder
  6658 | D:6      | Killed Grinder
  6969 | D:7      | Noticed Menkaure
  6979 | D:7      | Killed Menkaure
  6982 | D:7      | Noticed Joseph
  7001 | D:7      | HP: 1/54 [Joseph/+1 spectral quarterstaff (7)]
  7002 | D:7      | Slain by Joseph

Illustrated notes

Levels and vault maps discovered:
D:1:      dpeg_arrival_solitude, layout_basic, minmay_misc_feat_encased,
          hex_large, corner_web_ring
D:2:      layout_basic, serial_shops, nicolae_shop_trees,
          nicolae_shop_behind_doors, shop, shop_fountains, basic_altar
D:3:      layout_rooms, serial_co_window_serial, co_window_paths_b,
          co_window_paths_b, co_window_paths_b, co_window_paths_b,
          co_window_corner_a, co_window_of_opportunity_c,
          co_window_of_opportunity_b, co_window_of_opportunity_c,
          co_window_4corner_b, co_window_paths_e, glass_columns_b,
          glass_columns_b, glass_columns_b, uniq_natasha, uniq_robin
D:4:      layout_cave_pools, hellmonk_ghost_happy_afterlife,
          hangedman_decor_points, st_stairs_3
D:5:      layout_basic, lemuel_tele_altar
D:6:      layout_basic, gup_sewer_entry_spiral, uniq_grinder
D:7:      layout_basic, lemuel_temple_firewalk_b, enter_bailey_3, uniq_menkaure,
          uniq_joseph, uniq_pikel

Skill      XL: |  1  2  3  4  5  6  7  8  9 |
---------------+----------------------------+-----
Axes           | 2 3 4 5 6 7 |  7.6
Fighting       | 4 5 |  5.6
Armour         | 4 5 6 |  6.1
Shields        | 4 5 6 |  6.4
Evocations     | 2 3 |  3.1

Action                   |  1- 3 |  4- 6 |  7- 9 || total
-------------------------+-------+-------+-------++-------
Melee: War axe           |   102 |   176 |   283 ||   561
  Use: Scroll            |     7 |     2 |     5 ||    14
Armor: Scale mail        |    19 |       |       ||    19
       Chain mail        |    46 |   117 |   146 ||   309
Dodge: Dodged            |    39 |    50 |    97 ||   186
Block: Buckler           |    14 |    61 |   188 ||   263
       Reflection        |       |       |     3 ||     3

Table legend: (Time is in decaauts)
 A = Elapsed time spent in this place.
 B = Non-inter-level travel time spent in this place.
 C = Inter-level travel time spent in this place.
 D = Time resting spent in this place.
 E = Time spent auto-exploring this place.
 F = Levels seen in this place.
 G = Mean time per level.
                   A        B        C        D        E       F      G
               +--------+--------+--------+--------+--------+-----+--------+
         Total |   7221 |   7023 |    198 |   1358 |   4047 |   8 |  902.6 |
       Dungeon |   7065 |   6867 |    198 |   1358 |   3958 |   7 | 1009.3 |
         Sewer |    155 |    155 |      0 |      0 |     89 |   1 |  155.0 |
               +--------+--------+--------+--------+--------+-----+--------+

Top non-repeatable levels by time:
     D:3: 1639 daAuts
     D:5: 1188 daAuts
     D:4: 1181 daAuts
     D:6: 1171 daAuts
     D:1: 1133 daAuts
     D:2: 716 daAuts
   Sewer: 155 daAuts
     D:7: 35 daAuts
